 Dungeon Crawl Stone Soup version 0.29.1-15-g9cfb28693d (webtiles) character file.

Game seed: 17519279046888521455

1355 Smoke131 the Trooper (level 8, -1/88 HPs)
             Began as an Ogre Gladiator on Apr 26, 2023.
             Was a Follower of Okawaru.
             Slain by a troll (5 damage)
             ... on level 6 of the Dungeon.
             The game lasted 00:18:06 (9962 turns).

Smoke131 the Trooper (Ogre Gladiator)               Turns: 9962, Time: 00:18:07

Health: -1/88      AC:  3    Str: 21    XL:     8   Next: 63%
Magic:  0/10       EV: 10    Int:  9    God:    Okawaru [*.....]
Gold:   220        SH:  0    Dex: 10    Spells: 7/7 levels left

rFire   . . .      SeeInvis .   a - +1 trident
rCold   . . .      Faith    .   (no shield)
rNeg    + . .      Spirit   +   b - +0 robe
rPois   .          Reflect  .   c - +0 hat
rElec   .          Harm     .   (no cloak)
rCorr   .          Rampage  .   (gloves unavailable)
Will    .....                   (boots unavailable)
Stlth   +.........              l - amulet of guardian spirit
HPRegen 0.24/turn               f - ring of positive energy
MPRegen 0.12/turn               (no ring)

@: attractive
A: large, unfitting armour, tough skin 1
a: Renounce Religion, Heroism


You were on level 6 of the Dungeon.
You worshipped Okawaru.
Okawaru was aware of your devotion.
You visited 2 branches of the dungeon, and saw 7 of its levels.

You collected 220 gold pieces.

Inventory:

Hand Weapons
 a - a +1 trident (weapon)
Missiles
 d - 3 throwing nets (quivered)
 h - 6 datura-tipped darts
Armour
 b - a +0 robe (worn)
 c - a +0 hat (worn)
 j - a +1 tower shield
Jewellery
 f - a ring of positive energy (left hand)
 l - an amulet of guardian spirit (around neck)
Wands
 y - a wand of flame (19)
Scrolls
 g - 5 scrolls of immolation
 m - a scroll of magic mapping
 n - 3 scrolls of enchant armour
 q - 3 scrolls of enchant weapon
Potions
 o - 2 potions of flight


   Skills:
 * Level 7.7 Fighting
 * Level 6.3 Polearms
 * Level 5.9 Throwing
 - Level 3.0 Dodging
 + Level 3.0 Invocations


You had 7 spell levels left.
You didn't know any spells.
Your spell library contained the following spells:

 Spells                   Type           Power      Damage    Failure   Level
 Shock                    Conj/Air       0%         1d3       38%         1
 Blink                    Tloc           0%         N/A       52%         2
 Poisonous Vapours        Pois/Air       0%         N/A       52%         2
 Lesser Beckoning         Tloc           0%         N/A       77%         3
 Swiftness                Air            0%         N/A       77%         3
 Airstrike                Air            0%         2d(0-16)  99%         4
 Corpse Rot               Necr/Pois/Air  0%         N/A       99%         4
 Freezing Cloud           Conj/Ice/Air   0%         6-21      100%        5
 Manifold Assault         Tloc           0%         N/A       100%        5
 Polar Vortex             Ice            0%         N/A       100%        9
 Simulacrum               Ice/Necr       Unusable   N/A       N/A         6

Dungeon Overview and Level Annotations

Branches:
Dungeon (6/15)             Temple (1/1) D:4

Altars:
Nemelex Xobeh
Okawaru
Qazlal


Innate Abilities, Weirdness & Mutations

You are too large for most types of armour.
You have tough skin. (AC +1)


Message History

The troll shouts!
It was a potion of attraction.
You feel attractive to monsters. The troll is attracted toward you.
You barely miss the troll. The troll closely misses you.
The troll claws you but does no damage. The troll completely misses you.
You closely miss the troll. The troll closely misses you. The troll claws you.
The troll claws you but does no damage.
You hit the troll but do no damage. The troll bites you! The troll claws you.
The troll closely misses you.
You barely miss the troll. The troll closely misses you. The troll claws you!
The troll barely misses you.
You barely miss the troll. The troll barely misses you. The troll claws you.
The troll barely misses you.
You barely miss the troll. The troll barely misses you. The troll claws you!
The troll claws you.
You puncture the troll!
The troll is moderately wounded.
The troll misses you. The troll completely misses you. The troll claws you!
You hit the troll.
The troll is moderately wounded.
The troll barely misses you. The troll claws you! The troll claws you.
You puncture the troll!
The troll is heavily wounded.
The troll closely misses you. The troll claws you. The troll claws you!
* * * LOW HITPOINT WARNING * * *
You hit the troll but do no damage.
The troll is heavily wounded.
The troll bites you!
* * * LOW HITPOINT WARNING * * *
The troll closely misses you. The troll claws you!
* * * LOW HITPOINT WARNING * * *
You hit the troll.
The troll is heavily wounded.
The troll bites you.
* * * LOW HITPOINT WARNING * * *
The troll claws you.
* * * LOW HITPOINT WARNING * * *
The troll claws you.
You die...

##...## ##
#######.###.#
#.....))# #.#
#.#####<###.# #.#
##...## #.# ##..#
##>## #..#
#.###...######..######
#...T@................
#####...######..######
##.######...#
#..........#
########...# ##..#
#..#
##############..###
#...............#.####


You could see a troll.

Vanquished Creatures
  2 water moccasins
  A centaur (D:6)
  3 phantoms
  A kobold brigand (D:6)
  A gnoll sergeant (D:4)
  2 scorpions
  3 killer bees (D:4)
  A hound (D:6)
  2 jellies (D:5)
  A gnoll bouda (D:4)
  Natasha (thrice) (D:2)
  2 orc wizards (D:5)
  6 gnolls
  3 adders
  2 worms
  A dart slug (D:2)
  18 orcs
  8 ball pythons
  5 endoplasms
  2 giant cockroaches
  6 goblins
  6 hobgoblins
  12 jackals
  11 kobolds
  2 quokkas
  8 bats
  4 frilled lizards
  4 rats
120 creatures vanquished.

Vanquished Creatures (collateral kills)
  A gnoll (D:4)
1 creature vanquished.

Vanquished Creatures (others)
  A gnoll (D:4)
  106 plants
107 creatures vanquished.

Grand Total: 228 creatures vanquished

Notes
Turn   | Place    | Note
-------+----------+-------------------------------------------
     0 | D:1      | Smoke131 the Ogre Gladiator began the quest for the Orb.
     0 | D:1      | Reached XP level 1. HP: 22/22 MP: 1/1
   256 | D:1      | Reached XP level 2. HP: 29/29 MP: 2/2
   260 | D:1      | Reached skill level 3 in Fighting
   837 | D:2      | Reached XP level 3. HP: 30/37 MP: 3/3
   980 | D:2      | Found a faded altar of an unknown god.
  1411 | D:2      | Noticed Natasha
  1412 | D:2      | Killed Natasha
  1413 | D:2      | Reached XP level 4. HP: 44/48 MP: 4/4
  1808 | D:2      | Noticed Natasha
  1812 | D:2      | Killed Natasha
  1813 | D:2      | Reached skill level 4 in Fighting
  2093 | D:2      | Noticed Natasha
  2099 | D:2      | Killed Natasha
  2100 | D:2      | Reached XP level 5. HP: 43/55 MP: 5/5
  3381 | D:3      | Reached XP level 6. HP: 39/65 MP: 6/6
  3577 | D:4      | Reached skill level 5 in Fighting
  3880 | D:3      | HP: 3/66 [poisoned by a gnoll]
  4458 | D:4      | Found a staircase to the Ecumenical Temple.
  4473 | Temple   | Entered the Ecumenical Temple
  4542 | Temple   | Became a worshipper of Warmaster Okawaru
  5873 | D:5      | Entered Level 5 of the Dungeon
  5874 | D:5      | Noticed a water moccasin
  6698 | D:4      | Reached XP level 7. HP: 74/74 MP: 7/7
  6800 | D:4      | Reached skill level 6 in Fighting
  6800 | D:4      | Reached skill level 5 in Polearms
  6800 | D:4      | Reached skill level 1 in Invocations
  7937 | D:5      | Reached skill level 5 in Throwing
  8223 | D:5      | Reached * piety under Okawaru
  8224 | D:5      | Reached XP level 8. HP: 45/84 MP: 9/9
  8665 | D:6      | Reached skill level 7 in Fighting
  9664 | D:5      | HP: 3/88 [acid (8)]
  9666 | D:5      | HP: 1/88 [acid (6)]
  9950 | D:6      | Noticed a troll
  9962 | D:6      | HP: 4/88 [troll (3)]
  9962 | D:6      | Slain by a troll

Illustrated notes

Levels and vault maps discovered:
D:1:      dpeg_arrival_rooms_b, layout_loops_ring
D:2:      layout_loops_ring, ebering_ecumenical_altar_rust, chequers_big_river,
          uniq_natasha
D:3:      layout_loops_ring, serial_bayou_crossing
D:4:      layout_layer_cave, minmay_temple_entry_grid, st_stairs_4,
          lightli_minifort
D:5:      layout_basic, kennysheep_cross_bottleneck
D:6:      kennysheep_kobold_camp, layout_loops_ring,
          mainiacjoe_overflow_cross_hatched, grunt_decor_fettered, uniq_grinder,
          uniq_blork_the_orc, uniq_maggie, uniq_menkaure
Temple:   mainiacjoe_temple_big_plus

Skill      XL: |  1  2  3  4  5  6  7  8 |
---------------+-------------------------+-----
Fighting       | 3 4 5 6 7 |  7.7
Dodging        | 3 |  3.0
Throwing       | 3 4 5 |  5.9
Polearms       | 4 5 6 |  6.3
Invocations    | 2 3 |  3.0

Action                   |  1- 3 |  4- 6 |  7- 9 || total
-------------------------+-------+-------+-------++-------
Melee: Trident           |    89 |   216 |   201 ||   506
       Punch             |       |       |     1 ||     1
Throw: Large rock        |     1 |     5 |     4 ||    10
       Dart              |       |     5 |     5 ||    10
       Throwing net      |       |       |     1 ||     1
Invok: Heroism           |       |       |     1 ||     1
Evoke: Wand              |       |       |     5 ||     5
  Use: Scroll            |       |    15 |     3 ||    18
       Potion            |       |       |     8 ||     8
 Stab: Distracted        |       |       |     1 ||     1
Armor: Robe              |    32 |    72 |    33 ||   137
Dodge: Dodged            |    63 |   151 |   117 ||   331
